 Dungeon Crawl Stone Soup version 0.30-b1-2-g02819fbbbe (webtiles) character file.

Game seed: 13747549172046792537

194 Fartwhistle the Changer (level 5, -4/33 HPs)
             Began as an Octopode Transmuter on May 26, 2023.
             Killed from afar by a white imp (13 damage)
             ... with a puff of frost
             ... on level 5 of the Dungeon.
             The game lasted 00:04:06 (1999 turns).

Fartwhistle the Changer (Octopode Transmuter)       Turns: 1999, Time: 00:04:06

Health: -4/33      AC:  2    Str: 10    XL:     5   Next: 73%
Magic:  5/10       EV: 19    Int: 17    God:
Gold:   174        SH:  0    Dex: 17    Spells: 7/11 levels left

rFire   . .          .
                       - Unarmed
rCold   . . .        (shield currently unavailable)
rNeg    . . .        (helmet currently unavailable)
rPois   x            (no amulet)
rElec   .            (no ring)
rCorr   .            (no ring)
SInv    .            (no ring)
Will    .....        (no ring)
Stlth   ++           (no ring)
HPRegen 0.25/turn    (no ring)
MPRegen 0.12/turn    (no ring)
                     (no ring)

%: no passive effects
@: spider-form, very slightly contaminated
A: venomous fangs, almost no armour, (amphibious), 8 rings, tiny, (camouflage
1), (gelatinous body 1), (nimble swimmer 1), (tentacles)
a: End Transformation


You were on level 5 of the Dungeon.
You were a venomous arachnid creature.
You visited 1 branch of the dungeon, and saw 5 of its levels.

You collected 174 gold pieces.

Inventory:

Missiles
 e - 5 poisoned darts
Scrolls
 b - a scroll of poison {unknown}
 c - 4 scrolls of fear {unknown}
 d - a scroll of torment {unknown}
 f - 2 scrolls of butterflies {unknown}
Potions
 g - a potion of invisibility {unknown}
 h - 2 potions of mutation {unknown}
 i - 2 potions of brilliance {unknown}


   Skills:
 - Level 1.1 Fighting
 - Level 2.1 Dodging
 - Level 3.0 Unarmed Combat
 + Level 3.5 Spellcasting
 + Level 3.6 Transmutations
 + Level 2.9 Poison Magic


You had 7 spell levels left.
You knew the following spells:

 Your Spells              Type           Power      Damage    Failure   Level
a - Beastly Appendage     Tmut           30%        N/A       12%         1
b - Spider Form           Tmut/Pois      14%        N/A       30%         3

Your spell library contained the following spells:

 Spells                   Type           Power      Damage    Failure   Level
 Wereblood                Tmut           15%        N/A       16%         2
 Ice Form                 Ice/Tmut       9%         N/A       80%         4


Dungeon Overview and Level Annotations

Branches:
Dungeon (6/15)
 Temple: D:4-7

Altars:


Innate Abilities, Weirdness & Mutations

You are a venomous arachnid creature.
You have venomous fangs.
You are tiny and dextrous.
Your spellcasting is less reliable in this form.
Your armour is entirely melded.
You are incapable of wielding weapons or throwing items.
You cannot wear most types of armour.
((You are amphibious.))
You can wear up to eight rings at the same time.
((Your skin changes colour to match your surroundings (Stealth+).))
((Your rubbery body absorbs attacks. (AC +1, EV +1)))
((You are camouflaged when in or above water. (Stealth+)))
((You have tentacles for arms and can constrict up to eight enemies at once.))


Message History

A white imp comes into view.
Found 2 yellow potions and 2 gold pieces.
The white imp shouts!
The white imp gestures at you. The puff of frost hits you.
Casting: Beastly Appendage (safe; 3% risk of failure)
Confirm with . or Enter, or press ? or * to list all spells.
The spell is quite dangerous to miscast (13% risk of failure)!
Continue anyway?
You miscast Spider Form.
You are very lightly contaminated with residual magic.
You feel rather nauseous for a moment!
You are poisoned.
You feel sick.
Casting: Spider Form (quite dangerous; 13% risk of failure)
Confirm with . or Enter, or press ? or * to list all spells.
The spell is quite dangerous to miscast (13% risk of failure)!
Continue anyway?
You turn into a venomous arachnid creature.
You feel sick.
You feel sick. The white imp misses you.
You barely miss the white imp.
You feel sick.
You bite the white imp!
The white imp is severely wounded.
You feel sick.
You are no longer poisoned.
The white imp barely misses you.
You hit the white imp.
The white imp is almost dead.
The white imp completely misses you.
You barely miss the white imp.
The white imp is almost dead.
The white imp gestures at you. The puff of frost hits you!
* * * LOW HITPOINT WARNING * * *
You are too injured to fight recklessly!
You are too injured to fight recklessly!
You hit the white imp but do no damage.
The white imp is almost dead.
The white imp gestures at you. The puff of frost hits you!
You die...

#.........
#.........
#.........
#........$
#.........
#.....5...
#.####...!
#5#################
#.s................
###################


You could see a white imp.

Vanquished Creatures
  A sky beast (D:3)
  4 gnolls (D:2)
  A worm (D:2)
  A dart slug (D:2)
  An orc (D:3)
  6 bats
  4 endoplasms
  4 giant cockroaches
  4 goblins
  6 hobgoblins
  6 jackals (D:1)
  3 kobolds
  A quokka (D:3)
  4 ball pythons
  A frilled lizard (D:3)
  5 rats
52 creatures vanquished.

Notes
Turn   | Place    | Note
-------+----------+-------------------------------------------
     0 | D:1      | Fartwhistle the Octopode Transmuter began the quest for the
                  | Orb.
     0 | D:1      | Reached XP level 1. HP: 13/13 MP: 3/3
   184 | D:1      | Reached XP level 2. HP: 18/18 MP: 5/5
   711 | D:2      | Reached XP level 3. HP: 23/23 MP: 6/6
   715 | D:2      | Learned a level 3 spell: Spider Form
   769 | D:2      | Noticed a golden eye
   772 | D:2      | Found a faded altar of an unknown god.
   774 | D:2      | Noticed a golden eye
   774 | D:2      | Noticed a golden eye
   774 | D:2      | Noticed a shining eye
   948 | D:2      | Reached skill level 1 in Poison Magic
   995 | D:2      | Reached XP level 4. HP: 28/28 MP: 4/8
  1463 | D:3      | Noticed a sky beast
  1485 | D:3      | Killed a sky beast
  1486 | D:3      | Reached XP level 5. HP: 5/33 MP: 6/10
  1911 | D:3      | You fall into a shaft and drop 3 floors!
  1948 | D:5      | Entered Level 5 of the Dungeon
  1999 | D:5      | Killed from afar by a white imp

Illustrated notes

Levels and vault maps discovered:
D:1:      dpeg_arrival_castle, layout_rooms, serial_forest,
          infiniplex_forest_lined_4_way, infiniplex_forest_clump_long,
          infiniplex_forest_end_2, infiniplex_forest_clump_small,
          infiniplex_forest_clump_double
D:2:      layout_rooms, hellmonk_ecumenical_altar_watching_god
D:3:      layout_loops_cross
D:5:      layout_basic, cheibriados_altar_1
D:6:      minmay_bubble_buster, layout_cave_pools, kiku_gazebo_garden_becter,
          serial_column_ruins, column_ruins_columns_corner, column_ruins_grid_1,
          column_ruins_open_small, column_ruins_columns_corner,
          column_ruins_columns_straight, hangedman_abyss_or_decor_lesser_grid,
          minmay_misc_feat_pillars

Skill      XL: |  1  2  3  4 |
---------------+-------------+-----
Poison Magic   | 1 2 |  2.9
Transmutations | 3 |  3.6
Spellcasting   | 3 |  3.5
Fighting       | |  1.1
Dodging        | |  2.1
Unarmed Combat | |  3.0

Action                     |  1- 3 |  4- 6 || total
---------------------------+-------+-------++-------
  Melee: Unarmed           |    68 |    58 ||   126
         Constrict         |    20 |    10 ||    30
         Tentacles         |    17 |     9 ||    26
         Punch             |     2 |     4 ||     6
         Kick              |     1 |       ||     1
   Cast: Spider Form       |     2 |     3 ||     5
         Beastly Appendage |     2 |     1 ||     3
    Use: Potion            |       |     1 ||     1
   Stab: Sleeping          |     2 |     5 ||     7
 Armour: Skin              |     3 |     6 ||     9
  Dodge: Dodged            |    52 |    33 ||    85
